[ AOE2 MATCH · #506885258 ]
UnrankedTeutons vs Britons
Player's team · LOSS
Rival team · WIN
[ REPLAY ANALYSIS · EXTRACTED FROM THE RECORDED GAME ]
Feudal
10:22
Castle
25:25
Imperial
—
| APM avg | 31.7 |
| APM peak | 62 |
| eAPM avg | 19.7 |
| Villagers / military | 127 / 97 |
Focus
⚔️ 27.7% · 🌾 72.3%
Skirmisher ×65 · Knight ×29 · Mangonel ×2 · Monk ×1
Feudal
10:56
Castle
27:16
Imperial
40:23
| APM avg | 50.2 |
| APM peak | 124 |
| eAPM avg | 29.3 |
| Villagers / military | 147 / 162 |
Focus
⚔️ 49.5% · 🌾 50.5%
Spearman ×90 · Archer ×40 · Militia ×14 · Monk ×10 · Trebuchet (Packed) ×4 · Mangonel ×2
Match map
Initial resources + every placement click. Lines = walls · curves = elevation contours. ◆ gold · ⬟ stone · ● berries · ✦ relic · ◌ wall gap
Your base· Open — unwalled flank
AG ALEXKNG1's base· Open — unwalled flank
Smoothed initial terrain · ◌ = detected wall gap · hover for details
Inputs per minute
— Lord_calderon - - AG ALEXKNG1
Build order — Lord_calderon
First 150 of 401 actions detected
| 0:01 | Queue | Villager (Male) |
| 0:01 | Queue | Villager (Male) |
| 0:02 | Build | House |
| 0:04 | Build | House |
| 0:06 | Queue | Villager (Male) |
| 0:06 | Queue | Villager (Male) |
| 0:06 | Queue | Villager (Male) |
| 1:38 | Queue | Villager (Male) |
| 1:38 | Queue | Villager (Male) |
| 1:40 | Queue | Villager (Male) |
| 1:41 | Queue | Villager (Male) |
| 2:17 | Queue | Villager (Male) |
| 2:17 | Queue | Villager (Male) |
| 2:42 | Queue | Villager (Male) |
| 2:42 | Queue | Villager (Male) |
| 2:55 | Queue | Villager (Male) |
| 2:55 | Queue | Villager (Male) |
| 3:49 | Queue | Villager (Male) |
| 3:51 | Build | House |
| 4:21 | Queue | Villager (Male) |
| 4:24 | Build | Lumber Camp |
| 4:42 | Queue | Villager (Male) |
| 5:02 | Build | Mill |
| 5:15 | Queue | Villager (Male) |
| 5:37 | Queue | Villager (Male) |
| 6:05 | Queue | Villager (Male) |
| 6:30 | Queue | Villager (Male) |
| 6:30 | Research | Loom |
| 7:06 | Build | House |
| 7:11 | Build | Mining Camp |
| 7:17 | Build | Palisade Wall |
| 7:18 | Build | Palisade Wall |
| 7:47 | Queue | Villager (Male) |
| 7:59 | Research | Feudal Age |
| 8:28 | Build | Palisade Wall |
| 8:30 | Build | Palisade Wall |
| 8:31 | Build | Palisade Wall |
| 8:39 | Build | Palisade Wall |
| 8:42 | Build | Palisade Wall |
| 9:22 | Queue | Villager (Male) |
| 9:49 | Build | House |
| 10:02 | Build | House |
| 10:13 | Queue | Villager (Male) |
| 10:22 | Age | Feudal Age |
| 10:28 | Build | Watch Tower |
| 10:29 | Queue | Villager (Male) |
| 10:59 | Build | Palisade Wall |
| 10:59 | Build | Palisade Wall |
| 10:59 | Build | Palisade Wall |
| 11:00 | Build | Palisade Wall |
| 11:00 | Build | Palisade Wall |
| 11:00 | Build | Palisade Wall |
| 11:19 | Build | Watch Tower |
| 11:27 | Queue | Villager (Male) |
| 11:40 | Queue | Villager (Male) |
| 12:21 | Build | Blacksmith |
| 12:34 | Queue | Villager (Male) |
| 12:40 | Build | Blacksmith |
| 12:48 | Build | House |
| 13:19 | Research | Fletching |
| 13:20 | Queue | Villager (Male) |
| 13:31 | Build | Farm |
| 13:31 | Build | Farm |
| 14:05 | Queue | Villager (Male) |
| 14:07 | Build | Farm |
| 14:18 | Queue | Villager (Male) |
| 14:26 | Build | Farm |
| 14:27 | Build | Farm |
| 14:27 | Build | Farm |
| 14:27 | Build | Farm |
| 14:28 | Build | Farm |
| 14:44 | Queue | Villager (Male) |
| 14:54 | Build | Farm |
| 15:02 | Build | House |
| 15:26 | Build | Watch Tower |
| 15:28 | Queue | Villager (Male) |
| 15:45 | Build | Palisade Wall |
| 15:46 | Build | Palisade Wall |
| 15:46 | Build | Palisade Wall |
| 15:47 | Build | Palisade Wall |
| 15:47 | Build | Palisade Wall |
| 15:47 | Build | Palisade Wall |
| 15:48 | Build | Palisade Wall |
| 15:49 | Build | Palisade Wall |
| 15:50 | Queue | Villager (Male) |
| 15:54 | Build | Farm |
| 15:54 | Build | Farm |
| 15:54 | Build | Farm |
| 16:14 | Build | Farm |
| 16:15 | Build | Farm |
| 16:17 | Queue | Villager (Male) |
| 16:42 | Build | Watch Tower |
| 16:47 | Queue | Villager (Male) |
| 16:50 | Build | Farm |
| 16:53 | Build | House |
| 17:08 | Build | Watch Tower |
| 17:15 | Queue | Villager (Male) |
| 17:23 | Research | Double-Bit Axe |
| 17:23 | Research | Double-Bit Axe |
| 17:35 | Build | Watch Tower |
| 18:09 | Build | Watch Tower |
| 18:15 | Queue | Villager (Male) |
| 18:38 | Queue | Villager (Male) |
| 18:43 | Build | Mining Camp |
| 18:46 | Build | Farm |
| 18:47 | Build | Farm |
| 19:28 | Queue | Villager (Male) |
| 19:32 | Build | Barracks |
| 20:04 | Queue | Villager (Male) |
| 20:13 | Build | Farm |
| 20:15 | Build | Farm |
| 20:19 | Build | Farm |
| 20:42 | Build | Watch Tower |
| 20:44 | Queue | Villager (Male) |
| 21:03 | Build | Watch Tower |
| 21:09 | Queue | Villager (Male) |
| 21:37 | Queue | Villager (Male) |
| 21:45 | Build | Stable |
| 22:03 | Queue | Villager (Male) |
| 22:45 | Research | Castle Age |
| 22:46 | Research | Castle Age |
| 22:54 | Build | Stable |
| 24:07 | Research | Bloodlines |
| 24:09 | Research | Scale Barding Armor |
| 24:18 | Build | Stable |
| 24:22 | Build | Farm |
| 24:41 | Build | Watch Tower |
| 25:13 | Build | Farm |
| 25:14 | Build | Farm |
| 25:25 | Age | Castle Age |
| 25:27 | Queue | Knight |
| 25:28 | Queue | Knight |
| 25:28 | Queue | Knight |
| 25:30 | Queue | Villager (Male) |
| 25:31 | Build | Farm |
| 25:32 | Build | Farm |
| 25:32 | Build | Farm |
| 25:51 | Build | Farm |
| 26:13 | Queue | Knight ×2 |
| 26:18 | Build | House |
| 26:19 | Build | House |
| 26:22 | Queue | Villager (Male) |
| 26:36 | Build | Farm |
| 26:37 | Build | Farm |
| 26:40 | Build | House |
| 26:41 | Build | House |
| 27:10 | Research | Chain Barding Armor |
| 27:14 | Build | Farm |
| 27:15 | Build | Farm |
| 27:18 | Build | House |
Build order — AG ALEXKNG1
First 150 of 496 actions detected
| 0:01 | Queue | Villager (Male) |
| 0:03 | Build | House |
| 0:04 | Build | House |
| 0:09 | Queue | Villager (Male) |
| 0:09 | Queue | Villager (Male) |
| 0:09 | Queue | Villager (Male) |
| 1:09 | Queue | Villager (Male) |
| 1:09 | Queue | Villager (Male) |
| 1:51 | Queue | Villager (Male) |
| 1:51 | Queue | Villager (Male) |
| 1:52 | Research | Loom |
| 1:53 | Queue | Villager (Male) |
| 1:53 | Queue | Villager (Male) |
| 2:18 | Queue | Villager (Male) |
| 2:18 | Queue | Villager (Male) |
| 2:48 | Queue | Villager (Male) |
| 2:49 | Queue | Villager (Male) |
| 3:00 | Build | Barracks |
| 3:06 | Queue | Villager (Male) |
| 3:07 | Queue | Villager (Male) |
| 3:32 | Queue | Villager (Male) |
| 3:33 | Queue | Villager (Male) |
| 4:02 | Build | House |
| 4:04 | Build | House |
| 4:18 | Queue | Villager (Male) |
| 4:48 | Queue | Villager (Male) |
| 4:58 | Queue | Militia |
| 4:58 | Queue | Militia |
| 4:58 | Queue | Militia |
| 5:14 | Queue | Villager (Male) |
| 5:35 | Queue | Militia |
| 5:48 | Queue | Villager (Male) |
| 6:12 | Queue | Villager (Male) |
| 6:25 | Queue | Villager (Male) |
| 6:27 | Build | Mill |
| 6:31 | Build | Mill |
| 6:35 | Build | Mill |
| 6:38 | Queue | Villager (Male) |
| 6:41 | Build | House |
| 6:58 | Queue | Villager (Male) |
| 7:46 | Queue | Villager (Male) |
| 8:00 | Queue | Villager (Male) |
| 8:02 | Research | Loom |
| 8:22 | Build | Lumber Camp |
| 8:32 | Research | Feudal Age |
| 9:25 | Build | Mining Camp |
| 9:33 | Build | House |
| 9:36 | Build | House |
| 9:37 | Build | House |
| 9:45 | Queue | Villager (Male) |
| 10:23 | Build | Mining Camp |
| 10:25 | Queue | Villager (Male) |
| 10:56 | Age | Feudal Age |
| 11:13 | Build | Watch Tower |
| 11:21 | Build | Watch Tower |
| 11:25 | Queue | Villager (Male) |
| 11:31 | Research | Man-at-Arms (upgrade) |
| 11:33 | Queue | Villager (Male) |
| 11:38 | Research | Double-Bit Axe |
| 12:09 | Queue | Villager (Male) |
| 12:18 | Build | Mining Camp |
| 12:39 | Build | House |
| 13:01 | Queue | Villager (Male) |
| 13:09 | Build | House |
| 13:23 | Queue | Villager (Male) |
| 13:34 | Build | Archery Range |
| 13:41 | Queue | Villager (Male) |
| 13:51 | Build | House |
| 13:58 | Build | Farm |
| 14:13 | Queue | Villager (Male) |
| 14:15 | Build | Farm |
| 14:18 | Build | Lumber Camp |
| 14:28 | Build | Watch Tower |
| 14:32 | Build | Palisade Wall |
| 14:33 | Build | Palisade Wall |
| 14:33 | Build | Palisade Wall |
| 14:34 | Build | Palisade Wall |
| 14:35 | Build | Palisade Wall |
| 14:36 | Build | Palisade Wall |
| 14:36 | Build | Palisade Wall |
| 14:37 | Build | Palisade Wall |
| 14:41 | Queue | Villager (Male) |
| 14:49 | Queue | Archer |
| 14:51 | Queue | Villager (Male) |
| 14:52 | Queue | Villager (Male) |
| 15:02 | Build | House |
| 15:09 | Build | Farm |
| 15:09 | Build | Farm |
| 15:09 | Build | Farm |
| 15:11 | Queue | Villager (Male) |
| 15:25 | Build | Farm |
| 15:30 | Queue | Archer |
| 15:40 | Build | Farm |
| 15:55 | Build | Farm |
| 15:57 | Queue | Archer |
| 16:05 | Build | Farm |
| 16:07 | Build | Farm |
| 16:10 | Queue | Villager (Male) |
| 16:11 | Queue | Archer |
| 16:34 | Build | House |
| 16:41 | Queue | Villager (Male) |
| 16:46 | Build | Blacksmith |
| 16:59 | Queue | Archer |
| 17:00 | Queue | Villager (Male) |
| 17:03 | Build | Farm |
| 17:04 | Build | Farm |
| 17:05 | Build | Farm |
| 17:07 | Build | Farm |
| 17:43 | Queue | Archer |
| 17:55 | Build | Palisade Gate |
| 18:00 | Build | Palisade Gate |
| 18:04 | Build | Palisade Wall |
| 18:23 | Queue | Villager (Male) |
| 18:36 | Queue | Villager (Male) |
| 18:36 | Queue | Villager (Male) |
| 19:21 | Research | Horse Collar |
| 19:25 | Queue | Villager (Male) |
| 19:25 | Queue | Villager (Male) |
| 19:57 | Queue | Villager (Male) |
| 20:05 | Queue | Archer |
| 20:05 | Queue | Archer |
| 20:09 | Build | Archery Range |
| 20:28 | Queue | Villager (Male) |
| 20:29 | Queue | Archer |
| 20:29 | Queue | Archer |
| 20:30 | Queue | Villager (Male) |
| 20:33 | Build | Farm |
| 20:33 | Build | Farm |
| 20:33 | Build | Farm |
| 20:34 | Build | Farm |
| 20:34 | Build | Farm |
| 20:48 | Queue | Archer |
| 21:00 | Build | House |
| 21:02 | Build | House |
| 21:04 | Queue | Villager (Male) |
| 21:12 | Research | Fletching |
| 21:16 | Queue | Archer |
| 21:16 | Queue | Archer |
| 21:18 | Build | Farm |
| 21:19 | Build | Farm |
| 21:47 | Queue | Villager (Male) |
| 21:49 | Build | Farm |
| 21:51 | Build | Farm |
| 22:02 | Queue | Villager (Male) |
| 22:02 | Queue | Villager (Male) |
| 22:09 | Build | Farm |
| 22:14 | Build | Farm |
| 22:15 | Queue | Villager (Male) |
| 22:15 | Queue | Villager (Male) |
| 22:17 | Queue | Archer |
Match timeline
| 3:00 | AG ALEXKNG1 · first_building Barracks |
| 7:17 | Lord_calderon · wall_segment Palisade Wall x1 |
| 7:18 | Lord_calderon · wall_segment Palisade Wall x1 |
| 8:28 | Lord_calderon · wall_segment Palisade Wall x1 |
| 8:30 | Lord_calderon · wall_segment Palisade Wall x3 |
| 8:31 | Lord_calderon · wall_segment Palisade Wall x3 |
| 8:39 | Lord_calderon · wall_segment Palisade Wall x1 |
| 8:42 | Lord_calderon · wall_segment Palisade Wall x3 |
| 10:22 | Lord_calderon · age_up feudal |
| 10:56 | AG ALEXKNG1 · age_up feudal |
| 10:59 | Lord_calderon · wall_segment Palisade Wall x1 |
| 10:59 | Lord_calderon · wall_segment Palisade Wall x1 |
| 10:59 | Lord_calderon · wall_segment Palisade Wall x2 |
| 11:00 | Lord_calderon · wall_segment Palisade Wall x2 |
| 11:00 | Lord_calderon · wall_segment Palisade Wall x1 |
| 11:00 | Lord_calderon · wall_segment Palisade Wall x1 |
| 13:34 | AG ALEXKNG1 · first_building Archery Range |
| 14:32 | AG ALEXKNG1 · wall_segment Palisade Wall x1 |
| 14:33 | AG ALEXKNG1 · wall_segment Palisade Wall x1 |
| 14:33 | AG ALEXKNG1 · wall_segment Palisade Wall x1 |
| 14:34 | AG ALEXKNG1 · wall_segment Palisade Wall x1 |
| 14:35 | AG ALEXKNG1 · wall_segment Palisade Wall x1 |
| 14:36 | AG ALEXKNG1 · wall_segment Palisade Wall x1 |
| 14:36 | AG ALEXKNG1 · wall_segment Palisade Wall x1 |
| 14:37 | AG ALEXKNG1 · wall_segment Palisade Wall x1 |
| 15:45 | Lord_calderon · wall_segment Palisade Wall x1 |
| 15:46 | Lord_calderon · wall_segment Palisade Wall x1 |
| 15:46 | Lord_calderon · wall_segment Palisade Wall x2 |
| 15:47 | Lord_calderon · wall_segment Palisade Wall x2 |
| 15:47 | Lord_calderon · wall_segment Palisade Wall x2 |
| 15:47 | Lord_calderon · wall_segment Palisade Wall x2 |
| 15:48 | Lord_calderon · wall_segment Palisade Wall x2 |
| 15:49 | Lord_calderon · wall_segment Palisade Wall x3 |
| 18:04 | AG ALEXKNG1 · wall_segment Palisade Wall x1 |
| 19:32 | Lord_calderon · first_building Barracks |
| 21:45 | Lord_calderon · first_building Stable |
| 25:25 | Lord_calderon · age_up castle |
| 26:31 | AG ALEXKNG1 · wall_segment Palisade Wall x5 |
| 26:32 | AG ALEXKNG1 · wall_segment Palisade Wall x9 |
| 26:34 | AG ALEXKNG1 · wall_segment Palisade Wall x11 |
| 26:36 | AG ALEXKNG1 · wall_segment Palisade Wall x7 |
| 27:16 | AG ALEXKNG1 · age_up castle |
| 27:50 | AG ALEXKNG1 · first_building Castle |
| 32:08 | AG ALEXKNG1 · first_building Siege Workshop |
| 32:52 | AG ALEXKNG1 · first_building Monastery |
| 36:24 | Lord_calderon · first_building Archery Range |
| 37:00 | AG ALEXKNG1 · first_market_sell 500 wood |
| 37:03 | AG ALEXKNG1 · first_market_buy 100 food |
| 39:28 | Lord_calderon · first_building Monastery |
| 40:15 | Lord_calderon · first_building Siege Workshop |
| 40:23 | AG ALEXKNG1 · age_up imperial |
| 50:48 | Lord_calderon · resign |
[ AI ANALYSIS · 1 CREDIT ]
What really happened in this match?
Wolo.gg analyzes every decision: build order, eco, micro, common mistakes by bracket. Personalized analysis on WhatsApp or Discord in 30 seconds.
Civ guide
Teutons
Perfil
Jugador #2723392